 Dungeon Crawl Stone Soup version 0.27.1 (webtiles) character file.

Game seed: 8267546848399725575

66 Crownlay the Chopper (level 4, -1/39 HPs)
             Began as a Hill Orc Fighter on Aug 29, 2021.
             Slain by an orc wizard (2 damage)
             ... on level 2 of the Dungeon.
             The game lasted 00:02:23 (2276 turns).

Crownlay the Chopper (Hill Orc Fighter)             Turns: 2276, Time: 00:02:24

Health: -1/39      AC:  6    Str: 19    XL:     4   Next: 15%
Magic:  4/4        EV:  9    Int:  8    God:
Gold:   107        SH:  0    Dex: 10    Spells: 3/3 levels left

rFire    . . .     SeeInvis .   a - +0 war axe
rCold    . . .     Faith    .   (no shield)
rNeg     . . .     Spirit   .   b - +0 scale mail
rPois    .         Reflect  .   (no helmet)
rElec    .         Harm     .   (no cloak)
rCorr    +         Rampage  .   (no gloves)
Will     .....                  (no boots)
Stlth    ..........             (no amulet)
HPRegen  0.13/turn              g - ring of wizardry
MPRegen  0.09/turn              h - ring of resist corrosion

@: no status effects
A: no striking features
a: no special abilities


You were on level 2 of the Dungeon.
You visited 1 branch of the dungeon, and saw 3 of its levels.

You collected 107 gold pieces.

Inventory:

Hand Weapons
 a - a +0 war axe (weapon)
Armour
 b - a +0 scale mail (worn)
 c - a +0 kite shield
Jewellery
 g - a ring of wizardry (left hand)
 h - a ring of resist corrosion (right hand)
Scrolls
 f - 2 scrolls of summoning {unknown}
 i - a scroll of enchant armour {unknown}
 j - a scroll of identify {unknown}
Potions
 d - 2 potions of might
 e - a potion of mutation {unknown}


   Skills:
 - Level 3.6 Fighting
 + Level 5.7 Axes
 - Level 3.2 Armour
 - Level 3.2 Shields


You had 3 spell levels left.
You didn't know any spells.
Your spell library contained the following spells:

 Spells                   Type           Power      Damage    Failure   Level
 Corona                   Hex            0%         N/A       43%         1
 Ensorcelled Hibernation  Hex/Ice        0%         N/A       56%         2
 Gell's Gravitas          Tloc           0%         N/A       80%         3
 Lesser Beckoning         Tloc           0%         N/A       80%         3
 Teleport Other           Tloc           0%         N/A       80%         3
 Tukima's Dance           Hex            0%         N/A       80%         3


Dungeon Overview and Level Annotations

Branches:
Dungeon (3/15)

Altars:

Annotations:
D:3 Sigmund


Message History

Sigmund seems to speed up.
Something hits you.
You barely miss the hobgoblin.
The hobgoblin is heavily wounded.
You miss something. x2; You hit the orc.
The orc hits you but does no damage.
The hobgoblin hits you but does no damage.
Something hits you but does no damage. Something hits you.
The orc hits you with a +0 whip.
You barely miss something. You miss the orc. You miss the hobgoblin.
You barely miss something.
You feel less confused. The hobgoblin completely misses you.
Sigmund mumbles some strange words.
Sigmund flickers and vanishes!
Something hits you. Something hits you but does no damage.
The orc hits you but does no damage.
You hit something. You barely miss something. You barely miss the hobgoblin.
You closely miss the orc. The hobgoblin closely misses you.
You hear some strange, mumbled words.
A magic dart appears from out of thin air!
The magic dart hits you!
* * * LOW HITPOINT WARNING * * *
Something hits you but does no damage. The orc hits you but does no damage.
The hobgoblin hits you but does no damage.
Something hits you but does no damage.
The hobgoblin throws a stone.
The stone closely misses you.
A puff of flame appears from out of thin air!
The puff of flame hits you.
* * * LOW HITPOINT WARNING * * *
There is a stone staircase leading up here.
You climb upwards.
Reactivating autopickup.
There is a stone staircase leading down here.
Deactivating autopickup; reactivate with Ctrl-A.
You closely miss something.
You hear some strange, mumbled words.
Something tries to affect you, but you resist.
Something hits you but does no damage.
You barely miss something. Something hits you.
* * * LOW HITPOINT WARNING * * *
You miss something. Something hits you.
You die...

#.# #....#.#..# #.# #. #.#
#....#.#..# #.# #. #.#
#....#.#..# #.# #. #.#
#....#.#..##########.# #. #.#
#....#.#.............# #.
#.####....#.#..##############.
#.............................
####........#{.#######.....###
#........#@.......'.....'..
#........##..######.....###
#........##..# #######
#..).....##..#
#....(.......##############
#.........................#
#........###.############.#
####.##..# #.# #.# #.....# #.#
#.#


There were no monsters in sight!

Vanquished Creatures
  3 worms (D:2)
  4 dart slugs
  2 orcs (D:3)
  5 endoplasms
  A giant cockroach (D:1)
  4 goblins
  4 hobgoblins
  2 quokkas
  6 ball pythons
  3 bats
  A frilled lizard (D:1)
  6 kobolds (D:1)
  5 rats
  2 bushes (D:1)
48 creatures vanquished.

Vanquished Creatures (others)
  11 plants (D:1)
11 creatures vanquished.

Grand Total: 59 creatures vanquished

Notes
Turn   | Place    | Note
-------+----------+-------------------------------------------
     0 | D:1      | Crownlay the Hill Orc Fighter began the quest for the Orb.
     0 | D:1      | Reached XP level 1. HP: 19/19 MP: 1/1
    34 | D:1      | Reached skill level 3 in Axes
   195 | D:1      | Found a faded altar of an unknown god.
   232 | D:1      | Reached XP level 2. HP: 26/26 MP: 2/2
   314 | D:1      | Reached skill level 4 in Axes
   659 | D:1      | Reached XP level 3. HP: 31/31 MP: 3/3
  1115 | D:2      | Reached skill level 5 in Axes
  1847 | D:2      | Reached XP level 4. HP: 33/39 MP: 4/4
  2264 | D:3      | Noticed Sigmund
  2275 | D:2      | HP: 1/39 [something (1)]
  2276 | D:2      | Slain by an orc wizard

Illustrated notes

Levels and vault maps discovered:
D:1:      eino_arrival_cavern_e, layout_basic,
          shapermc_ecumenical_altar_acropolis, lexackson_kobold_supper
D:2:      layout_basic, minmay_misc_feat_hallway
D:3:      layout_loops_ring, nicolae_overflow_hidden_temple, uniq_sigmund

Skill      XL: |  1  2  3 |
---------------+----------+-----
Axes           | 3 4 5 |  5.7
Fighting       | |  3.6
Armour         | |  3.2
Shields        | |  3.2

Action                   |  1- 3 |  4- 6 || total
-------------------------+-------+-------++-------
Melee: War axe           |   185 |    27 ||   212
Armor: Scale mail        |    58 |    25 ||    83
Dodge: Dodged            |    61 |    17 ||    78
